[Event "Moscow Rapid-ch 2018"]
[Site "Moscow"]
[Date "2018.12.09"]
[Round "11"]
[White "Paramzina, Anastasya"]
[Black "Afanasieva, Alexandra"]
[Result "1-0"]
[ECO "B23"]
[WhiteElo "2229"]
[BlackElo "1973"]
[Annotator "NA"]
[PlyCount "79"]
[EventDate "2018.12.08"]
[EventType "swiss"]
[EventCountry "RUS"]
[SourceTitle "playchess.com"]
[Source "ChessBase"]
[SourceQuality "1"]
[TimeControl "900+10"]

1. e4 c5 2. Nc3 d6 3. d4 cxd4 4. Qxd4 Nc6 5. Qd2 g6 6. b3 Bh6 7. f4 Nf6 8. Bb2 O-O 9. O-O-O a5 10. Kb1 a4 11. Be2 axb3 12. axb3 Qa5 13. h3 Bg7 14. Bd3 Nb4 15. Nge2 Nd7 16. h4 Nc5 17. Bc4 Nxe4 18. Qe3 Nxc3+ 19. Nxc3 Bf5 20. Rd2 Na2 21. Na4 Bxb2 22. Kxb2 b5 23. Rd5 Qc7 24. Rxf5 bxc4 25. Rb5 cxb3 26. cxb3 Qd7 27. Qe2 Rfb8 28. Rxb8+ Rxb8 29. Kxa2 Qb7 30. Qc2 Qb4 31. g3 d5 32. h5 Qd4 33. h6 Qb4 34. Qc3 Qxc3 35. Nxc3 d4 36. Ne4 f5 37. Ng5 Rc8 38. Kb2 Rc3 39. Rc1 Rxc1 40. Kxc1 1-0

[Event "Moscow Rapid-ch 2018"]
[Site "Moscow"]
[Date "2018.12.09"]
[Round "11"]
[White "Chudinovskikh, Alexander M"]
[Black "Matyunin, Maxim"]
[Result "1-0"]
[ECO "C01"]
[WhiteElo "2184"]
[BlackElo "2218"]
[Annotator "NA"]
[PlyCount "109"]
[EventDate "2018.12.08"]
[EventType "swiss"]
[EventCountry "RUS"]
[SourceTitle "playchess.com"]
[Source "ChessBase"]
[SourceQuality "1"]
[TimeControl "900+10"]

1. e4 e6 2. d4 d5 3. exd5 exd5 4. Nf3 Bd6 5. c4 c6 6. Nc3 Ne7 7. Bd3 O-O 8. O-O dxc4 9. Bxc4 Bg4 10. h3 Bh5 11. Ne4 Nd5 12. Ng3 Bg6 13. Ne5 Bxe5 14. dxe5 Re8 15. f4 Qh4 16. Kh2 Ne7 17. Qg4 Qxg4 18. hxg4 Bc2 19. a4 Rd8 20. b3 b5 21. axb5 cxb5 22. Bxb5 Bxb3 23. Ba3 Nbc6 24. Rac1 Bd5 25. Rfd1 a6 26. Ba4 Rac8 27. Bd6 Be6 28. f5 Nxe5 29. Bxe5 Rxd1 30. Rxd1 Bc4 31. Rc1 Bd5 32. Rxc8+ Nxc8 33. Bc7 Na7 34. Ne2 Kf8 35. Bd6+ Kg8 36. Nf4 Be4 37. Kg3 Nc8 38. Bc5 f6 39. Bb3+ Kh8 40. Be6 Bb7 41. Kf2 a5 42. Ke3 a4 43. Kd4 g6 44. Bf8 Na7 45. Kc5 Be4 46. Kb6 Nc6 47. Nd5 Ne5 48. Nxf6 gxf5 49. gxf5 Bxg2 50. Nh5 h6 51. Bg7+ Kh7 52. Bxe5 Bh3 53. Nf6+ Kg7 54. Ng4+ Kh7 55. f6 1-0

[Event "Moscow Rapid-ch 2018"]
[Site "Moscow"]
[Date "2018.12.09"]
[Round "11"]
[White "Gorovenko, Darya"]
[Black "Strutinskaia, Galina"]
[Result "1/2-1/2"]
[ECO "A32"]
[WhiteElo "2163"]
[BlackElo "2201"]
[Annotator "NA"]
[PlyCount "69"]
[EventDate "2018.12.08"]
[EventType "swiss"]
[EventCountry "RUS"]
[SourceTitle "playchess.com"]
[Source "ChessBase"]
[SourceQuality "1"]
[TimeControl "900+10"]

1. d4 e6 2. Nf3 c5 3. c4 cxd4 4. Nxd4 Nf6 5. Nc3 a6 6. e4 Bb4 7. Bd3 Nc6 8. Nxc6 dxc6 9. O-O e5 10. Qf3 O-O 11. Bg5 Be7 12. h3 h6 13. Bh4 Be6 14. Rfd1 Nd7 15. Bxe7 Qxe7 16. Qh5 Qg5 17. Qxg5 hxg5 18. b4 a5 19. a3 Nf6 20. Na4 axb4 21. axb4 Rfd8 22. Nc5 Rxa1 23. Rxa1 Rd4 24. Ra8+ Kh7 25. Nxe6 fxe6 26. Ra3 g4 27. hxg4 Nxg4 28. Kf1 Kg6 29. Ke2 Kg5 30. g3 Nf6 31. Ke3 Ng4+ 32. Ke2 Nf6 33. Ke3 Ng4+ 34. Ke2 Nf6 35. Ke3 1/2-1/2

[Event "Moscow Rapid-ch 2018"]
[Site "Moscow"]
[Date "2018.12.09"]
[Round "11"]
[White "Martynyuk, Elizaveta"]
[Black "Gvanceladze, Anna"]
[Result "1/2-1/2"]
[ECO "B10"]
[WhiteElo "2128"]
[BlackElo "2264"]
[Annotator "NA"]
[PlyCount "154"]
[EventDate "2018.12.08"]
[EventType "swiss"]
[EventCountry "RUS"]
[SourceTitle "playchess.com"]
[Source "ChessBase"]
[SourceQuality "1"]
[TimeControl "900+10"]

1. e4 c6 2. Nc3 d5 3. Nf3 dxe4 4. Nxe4 Nf6 5. Nxf6+ exf6 6. h3 Bd6 7. d4 O-O 8. Be3 Re8 9. Be2 Nd7 10. O-O Nf8 11. c4 Ng6 12. Qc2 Bf4 13. Bxf4 Nxf4 14. Rfe1 Nxe2+ 15. Rxe2 Be6 16. Rd1 Qd7 17. Red2 Bf5 18. Qb3 b5 19. cxb5 cxb5 20. d5 a6 21. Qa3 h5 22. b4 Qd6 23. Qb3 Rad8 24. a4 bxa4 25. Qxa4 Bd7 26. Qa5 Bb5 27. Nd4 Rb8 28. Nf5 Qd7 29. Ng3 h4 30. Nf1 Qd6 31. Ne3 g6 32. Rd4 g5 33. Qa3 Re5 34. Ng4 Ree8 35. Nh6+ Kf8 36. Qc3 Bd7 37. Rc4 Rb5 38. Rc5 Kg7 39. Ng4 Reb8 40. Rd4 Bxg4 41. hxg4 R5b6 42. Rc6 Qe5 43. Rxb6 Rxb6 44. Qd3 Rd6 45. Kf1 Qe8 46. Qc4 Qa4 47. Kg1 Qb5 48. Qc5 Qd7 49. Rd3 Qd8 50. Qd4 Qb8 51. Rd2 Qd8 52. Rd1 Qd7 53. Rd3 Qb5 54. Kh1 Qb8 55. f4 Qb6 56. Qe4 Qf2 57. fxg5 fxg5 58. Rf3 Qb2 59. Rf5 Rg6 60. Qe7 Qa1+ 61. Kh2 Rf6 62. Rxg5+ Kh6 63. Rh5+ Kg6 64. Qe3 Kg7 65. Qg5+ Rg6 66. Qxh4 Qd4 67. Qd8 Qf4+ 68. Kh1 Qf1+ 69. Kh2 Qf4+ 70. Kh1 Qf1+ 71. Kh2 Qf4+ 72. Kh1 Qf1+ 73. Kh2 Qf4+ 74. Kg1 Qe3+ 75. Kh1 Qc1+ 76. Kh2 Qf4+ 77. Kh1 Qf1+ 1/2-1/2

[Event "Moscow Rapid-ch 2018"]
[Site "Moscow"]
[Date "2018.12.09"]
[Round "11"]
[White "Parpiev, Isaak"]
[Black "Vlasov, Sergey"]
[Result "0-1"]
[ECO "C47"]
[WhiteElo "1406"]
[BlackElo "2229"]
[Annotator "NA"]
[PlyCount "58"]
[EventDate "2018.12.08"]
[EventType "swiss"]
[EventCountry "RUS"]
[SourceTitle "playchess.com"]
[Source "ChessBase"]
[SourceQuality "1"]
[TimeControl "900+10"]

1. e4 e5 2. Nf3 Nc6 3. Nc3 Nf6 4. Bc4 Bb4 5. d3 h6 6. O-O d6 7. h3 O-O 8. a3 Ba5 9. b4 Bb6 10. Na4 Ne7 11. Nxb6 axb6 12. Bb2 Ng6 13. d4 Qe7 14. Re1 Nh5 15. dxe5 dxe5 16. Qd2 Nhf4 17. Qc3 Re8 18. Rad1 Qf6 19. Rd2 Be6 20. Bxe6 Rxe6 21. Red1 b5 22. Qb3 Rae8 23. Rd7 Rc6 24. R7d2 Rc4 25. Qe3 Qc6 26. Nxe5 Rxe5 27. Bxe5 Rxe4 28. Rd8+ Kh7 29. Qb3 Re1+ 0-1